 Dungeon Crawl Stone Soup version 0.21-a0 (webtiles) character file.

23 Kriby the Magician (level 3, -2/21 HPs)
             Began as an Octopode Wizard on May 20, 2017.
             Killed from afar by Sigmund (11 damage)
             ... with a magic dart
             ... on level 2 of the Dungeon.
             The game lasted 00:00:53 (1434 turns).

Kriby the Magician (Octopode Wizard)                Turns: 1434, Time: 00:00:53

Health: -2/21      AC:  1    Str:  6    XL:     3   Next: 0%
Magic:  2/7        EV: 13    Int: 21    God:
Gold:   26         SH:  0    Dex: 10    Spells: 5/8 levels left

rFire    . . .     SeeInvis .   i - +0 mace
rCold    . . .     Gourm    .   (no shield)
rNeg     . . .     Faith    .   a - +0 hat
rPois    .         Spirit   .   (no amulet)
rElec    .         Reflect  .   (no ring)
rCorr    .         Harm     .   (no ring)
MR       .....                  (no ring)
Stlth    ++........             (no ring)
Regen    0.1/turn               (no ring)
MPRegen  0.1/turn               (no ring)
                                (no ring)
                                (no ring)

@: confused, very slightly contaminated
A: almost no armour, stealthy swim, amphibious, 8 rings, constrict 8, camouflage
1, gelatinous body 1
a: no special abilities


You were on level 2 of the Dungeon.
You were not hungry.

You visited 1 branch of the dungeon, and saw 2 of its levels.

You collected 26 gold pieces.

Inventory:

Hand Weapons
 i - a +0 mace (weapon)
Armour
 a - a +0 hat (worn)
Scrolls
 e - a scroll of identify {unknown}
 f - a scroll of remove curse {unknown}
 j - a scroll of fog {unknown}
Potions
 g - 2 potions of might {unknown}
 h - a potion of heal wounds {unknown}
 k - 2 potions of curing {unknown}
 l - a potion of brilliance {unknown}
 m - a potion of haste {unknown}
Books
 b - a book of Minor Magic

   Spells                             Type                      Level
   a - Magic Dart                     Conjuration                  1
   b - Blink                          Translocation                2
   c - Call Imp                       Summoning                    2
   d - Slow                           Hexes                        2
   e - Conjure Flame                  Conjuration/Fire             3
   f - Mephitic Cloud                 Conjuration/Poison/Air       3
Comestibles
 c - 3 bread rations
 d - 3 chunks of flesh


   Skills:
 - Level 2.0 Dodging
 - Level 2.8 Stealth
 + Level 3.3 Spellcasting
 * Level 2.1 Conjurations
   Level 1.0 Summonings
 - Level 1.0 Translocations


You had 5 spell levels left.
You knew the following spells:

 Your Spells              Type           Power        Failure   Level  Hunger
a - Magic Dart            Conj           ##..         5%          1    None
b - Blink                 Tloc           N/A          13%         2    ##.....


Dungeon Overview and Level Annotations

Branches:
Dungeon (2/15)

Altars:

Annotations:
D:2 Sigmund


Innate Abilities, Weirdness & Mutations

You cannot wear most types of armour.
You are very stealthy in the water. (Stealth+)
You are amphibious.
You can wear up to eight rings at the same time.
You can use your tentacles to constrict eight enemies at once.
Your skin changes colour to match your surroundings (Stealth+).
Your rubbery body absorbs attacks. (AC +1, EV +1)


Message History

Aiming: Magic Dart
Press: ? - help, Shift-Dir - straight line, f/p - Sigmund
Aim: Sigmund, wielding an enchanted scythe and wearing a robe (moderately wounded)
The magic dart hits Sigmund.
Sigmund is moderately wounded.
Sigmund points at you and mumbles some strange words.
You are confused.
Okay, then.
You aren't carrying any items that you can evoke.
Unknown command.
Sigmund points at you and mumbles some strange words.
The magic dart hits you!
Ouch! That really hurt!
Sigmund gestures at you while chanting.
You are more confused.
You bump into the rock wall.
Sigmund gestures at you while chanting. The magic dart hits you!
Ouch! That really hurt!
You die...

#... .# # ...
.# .
..##.#.####
....#....#
#.@......#
####### #
#...![.#
####.....#
#.#..#
...#.....#
#....#
.).#.....#
####@#
...#.....# #.#
...#.....# #.#
...#.....# #.#
...#.....# #.#
.........#
#.#############
.........#
#.............#
#........#
#############.#
#######'##
####.#


You could see Sigmund.

Vanquished Creatures
  A dart slug (D:1)
  6 bats
  A goblin (D:1)
  3 hobgoblins
  2 jackals (D:2)
  A quokka (D:2)
  A kobold (D:1)
  5 rats
20 creatures vanquished.

Notes
Turn   | Place    | Note
-------+----------+-------------------------------------------
     0 | D:1      | Kriby the Octopode Wizard began the quest for the Orb.
     0 | D:1      | Reached XP level 1. HP: 11/11 MP: 4/4
   319 | D:1      | Reached XP level 2. HP: 17/17 MP: 4/6
   349 | D:1      | Learned a level 2 spell: Blink
  1381 | D:2      | Reached XP level 3. HP: 21/21 MP: 5/7
  1426 | D:2      | Noticed Sigmund
  1434 | D:2      | Killed from afar by Sigmund

Vault maps used:
D:1:      dpeg_arrival_radiant, minmay_misc_feat_roman
D:2:      chequers_ecumenical_altar_simple_redux, uniq_sigmund

Skill      XL: |  1  2 |
---------------+-------+-----
Conjurations   | 2 |  2.1
Dodging        | |  2.0
Stealth        | |  2.8
Spellcasting   | |  3.3
Summonings     | |  1.0
Translocations | |  1.0

Action                   || total
-------------------------++-------
Melee: Unarmed           ||     5
       Constrict         ||     3
       Tentacles         ||     2
       Mace              ||     3
 Cast: Magic Dart        ||    46
  Eat: Chunk             ||     1
Armor: Skin              ||     1
Dodge: Dodged            ||     4
